General information
- name: BNet
- type: Ladder team game (AT/RT)
- host: Battle.net
- saver: youraidiot
map: FullScaleAssault
- players: 8
- length: 136:07
- speed: Fast
- version: 1.24 W3XP
- replay type: Public
» download(663 KB)
Players
team 1 (loser)
Beyondallhope (
purple | 53 APM | 278 actions | 05:17)
1 Blademaster
1 Wind Walk
» actions
| Assign group hotkey | 2 | |
| Build / train | 16 | |
| Enter build submenu | 9 | |
| Enter hero's abilities submenu | 1 | |
| Right click | 102 | |
| Select / deselect | 38 | |
| Select group hotkey | 89 | |
| Use ability | 21 | |
278 total
» units
» buildings
| Altar of Storms | 1 | |
| Voodoo Lounge | 3 | |
| Orc Burrow | 4 | |
| Stronghold | 1 | |
| War Mill | 1 | |
10 total
» build order
00:19 Altar of Storms
00:30 Voodoo Lounge
00:40 Orc Burrow
01:48 Orc Burrow
02:17 Voodoo Lounge
02:49 Stronghold
03:10 Orc Burrow
03:28 War Mill
04:35 Voodoo Lounge
04:38 Orc Burrow
» items
| Healing Salve | 1 | |
| Lesser Clarity Potion | 2 | |
3 total
getoverhereu (
green | 83 APM | 11309 actions | 136:06)
11 Blademaster
3 Wind Walk
3 Critical Strike
2 Bladestorm
3 Mirror Image
6 Far Seer
2 Feral Spirit
3 Chain Lighting
1 Earth Quake
» actions
| Assign group hotkey | 705 | |
| Basic commands | 282 | |
| Build / train | 212 | |
| Enter build submenu | 45 | |
| Enter hero's abilities submenu | 18 | |
| Give item / drop item | 2 | |
| Remove unit from queue | 4 | |
| Right click | 5596 | |
| Select / deselect | 1627 | |
| Select group hotkey | 2180 | |
| Use ability | 637 | |
11309 total
» units
| Peon | 23 | |
| Grunt | 17 | |
| Raider | 39 | |
| Wind Rider | 51 | |
| Demolisher | 5 | |
| Blue Dragon | 1 | |
136 total
» upgrades
| Pillage | 1 | |
| Melee Weapons | 3 | |
| Armor | 6 | |
| Ranged Weapons | 6 | |
| Berserker Strength | 1 | |
| Ensnare | 1 | |
| Envenomed Spears | 3 | |
| Spiked Barricades | 3 | |
| Reinforced Defenses | 1 | |
| Burning Oil | 1 | |
| Liquid Fire | 0 | |
26 total
» buildings
| Orc Burrow | 18 | |
| Altar of Storms | 1 | |
| Barracks | 2 | |
| Voodoo Lounge | 1 | |
| War Mill | 1 | |
| Stronghold | 2 | |
| Fortress | 2 | |
| Beastiary | 3 | |
| Great Hall | 5 | |
| Watch Tower | 10 | |
45 total
» build order
00:07 Orc Burrow
00:12 Altar of Storms
01:00 Barracks
01:33 Voodoo Lounge
01:42 Orc Burrow
02:04 Orc Burrow
02:23 War Mill
03:39 Stronghold
05:07 Orc Burrow
05:27 Fortress
05:36 Beastiary
05:44 Beastiary
06:10 Beastiary
10:13 Orc Burrow
10:18 Orc Burrow
12:02 Orc Burrow
12:04 Orc Burrow
12:49 Orc Burrow
13:07 Fortress
23:54 Orc Burrow
24:07 Orc Burrow
26:39 Great Hall
33:56 Great Hall
38:00 Orc Burrow
38:04 Watch Tower
38:07 Watch Tower
40:41 Watch Tower
40:47 Watch Tower
41:44 Orc Burrow
41:51 Orc Burrow
41:54 Orc Burrow
42:10 Watch Tower
42:43 Orc Burrow
42:50 Watch Tower
43:07 Orc Burrow
44:06 Watch Tower
45:32 Barracks
49:03 Watch Tower
51:43 Great Hall
52:31 Orc Burrow
53:30 Stronghold
63:56 Great Hall
79:19 Great Hall
79:25 Watch Tower
80:29 Watch Tower
» items
| Healing Salve | 8 | |
| Lesser Clarity Potion | 8 | |
| Dust of Appearance | 1 | |
| Orb of Lightning | 2 | |
| Potion of Healing | 1 | |
20 total

»
Drepplin (
yellow | 31 APM | 3671 actions | 118:51)
10 Demon Hunter
3 Immolation
3 Evasion
3 Mana Burn
1 Metamorphosis
9 Priestess of the Moon
3 Trueshot Aura
3 Searing Arrows
1 Starfall
2 Scout
» actions
| Assign group hotkey | 65 | |
| Basic commands | 433 | |
| Build / train | 201 | |
| ESC pressed | 15 | |
| Enter build submenu | 30 | |
| Enter hero's abilities submenu | 19 | |
| Give item / drop item | 3 | |
| Remove unit from queue | 6 | |
| Right click | 720 | |
| Select / deselect | 1094 | |
| Select group hotkey | 819 | |
| Use ability | 266 | |
3671 total
» units
| Wisp | 79 | |
| Archer | 4 | |
| Giant Sea Turtle | 1 | |
| Hippogryph | 15 | |
| Chimaera | 19 | |
| Dryad | 7 | |
| Mountain Giant | 2 | |
| Faerie Dragon | 3 | |
| Druid of the Talon | 3 | |
| Goblin Zeppelin | 2 | |
135 total
» upgrades
| Improved Bows | 1 | |
| Strength of the Wild | 3 | |
| Nature's Blessing | 1 | |
| Reinforced Hides | 3 | |
| Corrosive Breath | 1 | |
| Hippogryph Taming | 0 | |
| Druid of the Talon Training | 2 | |
| Abolish Magic | 1 | |
| Hardened Skin | 1 | |
| Resistant Skin | 1 | |
| Strength of the Moon | 2 | |
| Moon Armor | 2 | |
| Well Spring | 1 | |
| Ultravision | 1 | |
| Druid of the Claw Training | 2 | |
| Mark of the Talon | 1 | |
| Mark of the Claw | 1 | |
24 total
» buildings
| Altar of Elders | 1 | |
| Moon Well | 9 | |
| Ancient of War | 1 | |
| Tree of Ages | 1 | |
| Ancient of Wonders | 1 | |
| Hunter's Hall | 1 | |
| Tree of Eternity | 1 | |
| Tree of Life | 8 | |
| Ancient of Wind | 2 | |
| Chimaera Roost | 4 | |
| Ancient of Lore | 2 | |
| Ancient Protector | 1 | |
32 total
» build order
00:16 Altar of Elders
00:20 Moon Well
00:38 Ancient of War
01:48 Moon Well
02:43 Moon Well
02:49 Tree of Ages
03:11 Moon Well
03:51 Ancient of Wonders
04:14 Moon Well
04:58 Hunter's Hall
05:04 Moon Well
06:17 Moon Well
06:19 Moon Well
06:21 Moon Well
07:24 Tree of Eternity
10:00 Tree of Life
11:13 Ancient of Wind
11:16 Ancient of Wind
14:23 Chimaera Roost
14:23 Chimaera Roost
14:24 Chimaera Roost
14:25 Chimaera Roost
21:47 Tree of Life
23:01 Tree of Life
29:27 Ancient of Lore
29:29 Ancient of Lore
29:59 Ancient Protector
32:15 Tree of Life
38:32 Tree of Life
48:36 Tree of Life
50:08 Tree of Life
55:16 Tree of Life
» items
| Healing Salve | 2 | |
| Lesser Clarity Potion | 1 | |
| Scroll of Town Portal | 5 | |
| Orb of Venom | 1 | |
| Orb of Lightning | 1 | |
| Potion of Healing | 1 | |
| Staff of Teleportation | 2 | |
13 total
Micius (
teal | 27 APM | 3565 actions | 133:46)
10 Archmage
3 Summon Water Elemental
3 Brilliance Aura
1 Mass Teleport
3 Blizzard
6 Blademaster
2 Critical Strike
1 Wind Walk
3 Mirror Image
» actions
| Assign group hotkey | 65 | |
| Basic commands | 6 | |
| Build / train | 171 | |
| ESC pressed | 2 | |
| Enter build submenu | 37 | |
| Enter hero's abilities submenu | 20 | |
| Remove unit from queue | 14 | |
| Right click | 1270 | |
| Select / deselect | 1344 | |
| Select group hotkey | 385 | |
| Use ability | 251 | |
3565 total
» units
| Peasant | 25 | |
| Sorceress | 20 | |
| Priest | 16 | |
| Kodo Beast | 2 | |
| Spell Breaker | 6 | |
| Mortar Team | 10 | |
| Siege Engine | 12 | |
| Goblin Zeppelin | 1 | |
92 total
» upgrades
| Masonry | 3 | |
| Lumber Harvesting | 2 | |
| Sorceress Training | 2 | |
| Priest Training | 2 | |
| War Drums Damage Increase | 1 | |
| Magic Sentry | 1 | |
| Control Magic | 1 | |
| Flare | 1 | |
| Fragmentation Shards | 1 | |
| Gunpowder | 3 | |
| Barrage | 1 | |
| Armor | 0 | |
| Plating | 2 | |
20 total
» buildings
| Farm | 15 | |
| Altar of Kings | 2 | |
| Arcane Vault | 2 | |
| Lumber Mill | 1 | |
| Keep | 4 | |
| Castle | 1 | |
| Arcane Sanctum | 2 | |
| Town Hall | 2 | |
| Scout Tower | 32 | |
| Guard Tower | 17 | |
| Blacksmith | 1 | |
| Workshop | 3 | |
82 total
» build order
00:22 Farm
00:39 Altar of Kings
00:53 Farm
01:15 Arcane Vault
01:37 Farm
02:12 Lumber Mill
02:16 Farm
02:37 Farm
02:49 Keep
02:50 Keep
02:50 Keep
03:43 Farm
04:00 Farm
04:00 Farm
04:02 Farm
05:25 Castle
05:31 Arcane Sanctum
05:41 Arcane Sanctum
06:19 Farm
06:21 Farm
07:27 Farm
09:48 Farm
09:49 Farm
14:47 Farm
33:06 Town Hall
39:34 Scout Tower
39:36 Scout Tower
39:39 Scout Tower
40:20 Guard Tower
40:28 Scout Tower
40:29 Scout Tower
40:30 Scout Tower
40:32 Scout Tower
40:33 Scout Tower
40:35 Scout Tower
40:37 Scout Tower
40:39 Scout Tower
40:42 Scout Tower
40:45 Guard Tower
40:54 Guard Tower
41:42 Guard Tower
41:46 Scout Tower
41:47 Scout Tower
41:49 Scout Tower
41:50 Scout Tower
41:52 Scout Tower
41:53 Scout Tower
41:54 Scout Tower
42:26 Guard Tower
42:37 Guard Tower
43:09 Guard Tower
43:12 Guard Tower
43:18 Scout Tower
43:20 Scout Tower
43:21 Scout Tower
43:22 Scout Tower
43:24 Scout Tower
43:28 Guard Tower
43:56 Guard Tower
44:30 Guard Tower
44:33 Scout Tower
44:33 Scout Tower
44:34 Scout Tower
44:35 Scout Tower
44:36 Scout Tower
44:39 Scout Tower
44:39 Scout Tower
45:33 Guard Tower
46:34 Guard Tower
47:58 Guard Tower
48:00 Guard Tower
48:55 Guard Tower
53:00 Blacksmith
53:32 Workshop
53:58 Workshop
82:45 Town Hall
86:12 Workshop
86:16 Altar of Kings
86:44 Arcane Vault
87:33 Scout Tower
88:18 Guard Tower
» items
| Scroll of Regeneration | 2 | |
| Lesser Clarity Potion | 2 | |
| Orb of Lightning | 1 | |
| Scroll of Town Portal | 1 | |
6 total
team 2 (winner)
youraidiot (
orange | 77 APM | 10439 actions | 136:07)
10 Blood Mage
3 Banish
3 Flame Strike
1 Summon Phoenix
3 Siphon Mana
10 Mountain King
3 Storm Bolt
3 Bash
1 Avatar
3 Thunder Clap
10 Paladin
3 Holy Light
3 Divine Shield
1 Resurrection
3 Devotion Aura
» actions
| Assign group hotkey | 2233 | |
| Basic commands | 64 | |
| Build / train | 335 | |
| Enter build submenu | 95 | |
| Enter hero's abilities submenu | 31 | |
| Give item / drop item | 27 | |
| Remove unit from queue | 10 | |
| Right click | 3907 | |
| Select / deselect | 2189 | |
| Select group hotkey | 512 | |
| Use ability | 1035 | |
10439 total
» units
| Peasant | 41 | |
| Goblin Shredder | 6 | |
| Goblin Zeppelin | 5 | |
| Dragonhawk Rider | 20 | |
| Flying Machine | 8 | |
| Mortar Team | 5 | |
| Gryphon Rider | 4 | |
| Spell Breaker | 23 | |
| Siege Engine | 3 | |
| Knight | 8 | |
| Blue Dragon | 2 | |
| Priest | 3 | |
128 total
» upgrades
| Masonry | 3 | |
| Lumber Harvesting | 2 | |
| Swords | 3 | |
| Plating | 3 | |
| Armor | 3 | |
| Gunpowder | 3 | |
| Storm Hammers | 1 | |
| Cloud | 1 | |
| Flak Cannons | 1 | |
| Animal War Training | 1 | |
| Barrage | 1 | |
| Magic Sentry | 1 | |
| Priest Training | 2 | |
| Sorceress Training | 1 | |
| Fragmentation Shards | 1 | |
27 total
» buildings
| Lumber Mill | 1 | |
| Altar of Kings | 5 | |
| Farm | 18 | |
| Scout Tower | 129 | |
| Arcane Tower | 2 | |
| Keep | 4 | |
| Town Hall | 7 | |
| Guard Tower | 82 | |
| Arcane Vault | 3 | |
| Castle | 3 | |
| Blacksmith | 4 | |
| Gryphon Aviary | 5 | |
| Workshop | 4 | |
| Barracks | 1 | |
| Arcane Sanctum | 4 | |
| Tree of Life | 1 | |
273 total
» build order
00:14 Lumber Mill
00:24 Altar of Kings
00:28 Altar of Kings
00:48 Farm
01:07 Farm
01:41 Farm
01:50 Scout Tower
02:28 Arcane Tower
04:18 Keep
04:19 Keep
04:28 Town Hall
04:32 Scout Tower
04:35 Scout Tower
04:35 Scout Tower
04:36 Scout Tower
04:37 Scout Tower
04:38 Scout Tower
04:40 Scout Tower
04:41 Scout Tower
04:42 Scout Tower
04:45 Scout Tower
04:47 Scout Tower
04:47 Scout Tower
05:33 Guard Tower
05:52 Scout Tower
05:53 Scout Tower
05:54 Scout Tower
05:54 Scout Tower
05:55 Scout Tower
05:56 Scout Tower
05:57 Scout Tower
05:58 Scout Tower
05:59 Scout Tower
06:00 Scout Tower
06:01 Scout Tower
06:02 Scout Tower
06:02 Scout Tower
06:57 Arcane Vault
07:05 Guard Tower
07:08 Guard Tower
07:12 Guard Tower
07:12 Guard Tower
07:12 Guard Tower
07:18 Guard Tower
07:18 Guard Tower
07:23 Guard Tower
07:23 Guard Tower
07:32 Guard Tower
07:33 Guard Tower
07:57 Guard Tower
07:58 Guard Tower
08:36 Guard Tower
08:38 Castle
09:44 Town Hall
10:03 Farm
10:05 Farm
10:08 Guard Tower
10:08 Guard Tower
10:48 Scout Tower
10:48 Scout Tower
10:49 Scout Tower
10:50 Scout Tower
10:51 Scout Tower
10:52 Scout Tower
10:52 Scout Tower
10:53 Scout Tower
12:00 Town Hall
12:14 Guard Tower
12:15 Guard Tower
12:26 Blacksmith
12:27 Blacksmith
12:29 Blacksmith
12:30 Blacksmith
13:23 Scout Tower
13:24 Scout Tower
13:25 Scout Tower
13:26 Scout Tower
13:27 Scout Tower
13:27 Scout Tower
13:28 Scout Tower
13:28 Scout Tower
13:36 Scout Tower
13:37 Scout Tower
13:38 Scout Tower
13:38 Scout Tower
14:12 Gryphon Aviary
14:17 Gryphon Aviary
14:21 Gryphon Aviary
14:30 Guard Tower
14:40 Workshop
14:43 Workshop
14:47 Workshop
15:13 Farm
15:46 Barracks
15:52 Scout Tower
15:53 Scout Tower
16:13 Scout Tower
16:16 Scout Tower
16:17 Scout Tower
16:17 Scout Tower
16:20 Guard Tower
16:20 Guard Tower
16:24 Workshop
16:27 Arcane Sanctum
16:42 Guard Tower
17:18 Farm
17:29 Guard Tower
18:46 Keep
18:47 Keep
20:54 Town Hall
20:59 Scout Tower
20:59 Scout Tower
21:00 Scout Tower
21:01 Scout Tower
21:01 Scout Tower
21:02 Scout Tower
21:03 Scout Tower
21:04 Scout Tower
21:05 Scout Tower
21:05 Scout Tower
21:06 Scout Tower
21:06 Scout Tower
21:07 Scout Tower
21:08 Scout Tower
21:09 Scout Tower
21:17 Farm
21:18 Farm
21:19 Farm
21:20 Farm
21:20 Farm
21:47 Guard Tower
23:34 Guard Tower
23:34 Guard Tower
26:14 Guard Tower
26:14 Guard Tower
29:50 Scout Tower
29:52 Scout Tower
29:52 Scout Tower
29:53 Scout Tower
29:53 Scout Tower
29:54 Scout Tower
30:18 Gryphon Aviary
30:21 Gryphon Aviary
30:29 Guard Tower
30:34 Town Hall
30:35 Scout Tower
30:36 Scout Tower
30:36 Scout Tower
30:37 Scout Tower
30:38 Scout Tower
30:39 Scout Tower
30:40 Scout Tower
30:41 Scout Tower
30:42 Scout Tower
30:43 Scout Tower
30:56 Guard Tower
34:12 Arcane Sanctum
34:13 Arcane Sanctum
34:14 Arcane Sanctum
35:23 Arcane Vault
36:18 Scout Tower
36:19 Scout Tower
36:20 Scout Tower
36:21 Scout Tower
36:21 Scout Tower
36:22 Scout Tower
36:23 Scout Tower
36:23 Scout Tower
36:24 Scout Tower
36:24 Scout Tower
37:28 Guard Tower
38:38 Guard Tower
38:47 Town Hall
39:17 Guard Tower
39:17 Guard Tower
40:13 Guard Tower
40:18 Scout Tower
40:19 Scout Tower
40:20 Scout Tower
40:21 Scout Tower
40:23 Guard Tower
41:16 Guard Tower
42:33 Guard Tower
42:34 Guard Tower
43:22 Tree of Life
51:39 Scout Tower
51:40 Scout Tower
51:41 Scout Tower
51:41 Scout Tower
51:42 Scout Tower
51:43 Scout Tower
51:44 Scout Tower
51:44 Scout Tower
51:46 Scout Tower
51:46 Scout Tower
51:48 Scout Tower
51:49 Scout Tower
51:50 Scout Tower
51:51 Scout Tower
51:52 Scout Tower
52:08 Guard Tower
52:10 Guard Tower
52:11 Guard Tower
52:12 Guard Tower
52:13 Guard Tower
52:33 Guard Tower
52:33 Guard Tower
52:40 Guard Tower
52:40 Guard Tower
52:40 Guard Tower
52:43 Guard Tower
52:56 Guard Tower
52:57 Guard Tower
53:02 Guard Tower
53:16 Guard Tower
53:16 Guard Tower
53:31 Guard Tower
53:31 Guard Tower
53:33 Guard Tower
53:33 Guard Tower
53:42 Guard Tower
53:43 Guard Tower
59:43 Town Hall
59:56 Scout Tower
59:57 Scout Tower
60:38 Guard Tower
60:42 Scout Tower
60:45 Scout Tower
60:45 Scout Tower
60:46 Scout Tower
60:48 Scout Tower
60:48 Scout Tower
60:49 Scout Tower
60:49 Scout Tower
60:50 Scout Tower
60:51 Scout Tower
60:51 Scout Tower
60:52 Scout Tower
60:54 Guard Tower
61:12 Scout Tower
61:14 Scout Tower
61:16 Scout Tower
61:18 Guard Tower
62:02 Guard Tower
62:02 Guard Tower
67:03 Altar of Kings
67:08 Castle
67:09 Castle
68:15 Altar of Kings
68:18 Arcane Vault
69:40 Farm
69:43 Farm
69:45 Farm
70:20 Farm
70:20 Farm
84:14 Altar of Kings
92:55 Farm
» items
| Staff of Sanctuary | 3 | |
| Orb of Fire | 2 | |
| Scroll of Regeneration | 1 | |
| Lesser Clarity Potion | 3 | |
| Potion of Healing | 3 | |
| Scroll of Town Portal | 14 | |
| Staff of Teleportation | 4 | |
| Potion of Lesser Invulnerability | 1 | |
| Potion of Mana | 1 | |
| Boots of Speed | 1 | |
| Potion of Invisibility | 1 | |
34 total

»
u-zi-mu (
blue | 38 APM | 1632 actions | 42:44)
6 Blademaster
2 Critical Strike
3 Wind Walk
1 Bladestorm
3 Shadow Hunter
2 Healing Wave
1 Serpent Ward
» actions
| Assign group hotkey | 19 | |
| Basic commands | 12 | |
| Build / train | 57 | |
| Enter build submenu | 9 | |
| Enter hero's abilities submenu | 9 | |
| Give item / drop item | 6 | |
| Right click | 702 | |
| Select / deselect | 177 | |
| Select group hotkey | 559 | |
| Use ability | 82 | |
1632 total
» units
» upgrades
| Melee Weapons | 1 | |
| Shaman Training | 2 | |
| Pulverize | 1 | |
| Armor | 1 | |
5 total
» buildings
| Altar of Storms | 1 | |
| Orc Burrow | 7 | |
| War Mill | 1 | |
| Voodoo Lounge | 1 | |
| Stronghold | 1 | |
| Fortress | 1 | |
| Spirit Lodge | 1 | |
| Tauren Totem | 2 | |
15 total
» build order
00:23 Altar of Storms
00:36 Orc Burrow
00:50 War Mill
01:09 Voodoo Lounge
03:25 Stronghold
03:35 Orc Burrow
03:37 Orc Burrow
03:38 Orc Burrow
05:49 Fortress
06:42 Spirit Lodge
08:17 Tauren Totem
08:18 Tauren Totem
09:59 Orc Burrow
09:59 Orc Burrow
10:00 Orc Burrow
» items
| Healing Salve | 2 | |
| Boots of Speed | 1 | |
| Staff of Teleportation | 1 | |
| Lesser Clarity Potion | 7 | |
| Orb of Lightning | 1 | |
| Potion of Mana | 2 | |
14 total

»
mrselfdestruct (
red | 38 APM | 5129 actions | 136:06)
5 Archmage
2 Summon Water Elemental
3 Brilliance Aura
5 Blood Mage
2 Banish
3 Flame Strike
3 Demon Hunter
1 Evasion
1 Immolation
1 Metamorphosis
» actions
| Assign group hotkey | 775 | |
| Basic commands | 172 | |
| Build / train | 170 | |
| ESC pressed | 6 | |
| Enter build submenu | 78 | |
| Enter hero's abilities submenu | 14 | |
| Give item / drop item | 2 | |
| Remove unit from queue | 6 | |
| Right click | 1979 | |
| Select / deselect | 1145 | |
| Select group hotkey | 588 | |
| Use ability | 189 | |
5129 total
» units
| Peasant | 40 | |
| Footman | 24 | |
| Sorceress | 1 | |
| Goblin Shredder | 4 | |
| Spell Breaker | 6 | |
| Wisp | 17 | |
| Dryad | 17 | |
| Goblin Zeppelin | 1 | |
110 total
» upgrades
| Sorceress Training | 2 | |
| Control Magic | 1 | |
| Plating | 3 | |
| Swords | 3 | |
| Strength of the Wild | 3 | |
| Reinforced Hides | 3 | |
| Abolish Magic | 1 | |
| Ultravision | 1 | |
| Well Spring | 1 | |
| Masonry | 2 | |
| Armor | 1 | |
21 total
» buildings
| Altar of Kings | 3 | |
| Barracks | 1 | |
| Farm | 20 | |
| Keep | 3 | |
| Scout Tower | 14 | |
| Arcane Tower | 2 | |
| Castle | 2 | |
| Town Hall | 7 | |
| Arcane Sanctum | 6 | |
| Arcane Vault | 2 | |
| Lumber Mill | 2 | |
| Blacksmith | 4 | |
| Ancient of Lore | 3 | |
| Moon Well | 5 | |
| Guard Tower | 7 | |
| Gryphon Aviary | 5 | |
| Tree of Life | 2 | |
88 total
» build order
00:22 Altar of Kings
00:39 Barracks
00:52 Farm
01:06 Farm
02:03 Farm
02:07 Farm
03:23 Keep
04:39 Scout Tower
05:22 Arcane Tower
06:32 Castle
06:42 Town Hall
06:52 Arcane Sanctum
09:13 Arcane Sanctum
09:17 Arcane Sanctum
09:27 Town Hall
10:37 Farm
11:26 Arcane Vault
11:28 Scout Tower
12:55 Farm
13:24 Farm
13:26 Farm
16:03 Arcane Tower
16:31 Scout Tower
16:34 Scout Tower
16:37 Scout Tower
16:41 Scout Tower
16:45 Scout Tower
17:19 Lumber Mill
18:30 Blacksmith
18:47 Blacksmith
23:48 Ancient of Lore
24:25 Ancient of Lore
24:37 Ancient of Lore
28:48 Town Hall
29:47 Moon Well
29:48 Moon Well
29:50 Moon Well
32:29 Farm
32:32 Farm
32:35 Farm
32:36 Farm
35:09 Farm
35:13 Altar of Kings
36:09 Moon Well
36:10 Moon Well
36:49 Lumber Mill
36:56 Scout Tower
36:56 Scout Tower
36:57 Scout Tower
36:58 Scout Tower
37:56 Scout Tower
37:57 Scout Tower
37:58 Scout Tower
38:00 Keep
38:02 Guard Tower
38:03 Guard Tower
38:15 Guard Tower
38:39 Town Hall
38:46 Guard Tower
38:47 Guard Tower
38:49 Guard Tower
40:55 Castle
40:56 Guard Tower
41:17 Blacksmith
41:22 Blacksmith
43:05 Arcane Sanctum
43:07 Arcane Sanctum
43:09 Arcane Sanctum
44:01 Town Hall
44:30 Arcane Vault
45:02 Gryphon Aviary
45:04 Gryphon Aviary
45:06 Gryphon Aviary
45:07 Gryphon Aviary
45:08 Gryphon Aviary
49:48 Altar of Kings
50:00 Farm
51:18 Farm
51:22 Farm
52:33 Town Hall
59:42 Tree of Life
59:47 Tree of Life
60:12 Farm
60:14 Farm
60:14 Farm
60:15 Farm
62:48 Town Hall
67:20 Keep
» items

»
jeronnimo (
pink | 28 APM | 628 actions | 22:17)
3 Demon Hunter
2 Immolation
1 Evasion
» actions
| Build / train | 38 | |
| Enter build submenu | 22 | |
| Enter hero's abilities submenu | 3 | |
| Give item / drop item | 1 | |
| Remove unit from queue | 1 | |
| Right click | 397 | |
| Select / deselect | 136 | |
| Use ability | 30 | |
628 total
» units
» upgrades
» buildings
| Altar of Elders | 1 | |
| Moon Well | 7 | |
| Ancient of War | 1 | |
| Hunter's Hall | 1 | |
| Tree of Ages | 1 | |
| Tree of Eternity | 1 | |
| Ancient of Wind | 2 | |
| Chimaera Roost | 4 | |
18 total
» build order
00:14 Altar of Elders
00:33 Moon Well
01:24 Moon Well
01:35 Ancient of War
02:21 Hunter's Hall
04:43 Moon Well
05:40 Moon Well
05:46 Tree of Ages
08:44 Moon Well
08:46 Tree of Eternity
09:58 Moon Well
12:22 Ancient of Wind
13:54 Chimaera Roost
14:10 Chimaera Roost
17:08 Ancient of Wind
18:13 Chimaera Roost
18:17 Chimaera Roost
18:49 Moon Well
» items
Chat log
(01:01 / Allies) mrselfdestruct: whats up
(01:31 / Allies) mrselfdestruct: anybody know what they're getting?
(05:17 / All) Micius: OMGGGGGGGGGGGGGGGG
(10:48 / Allies) jeronnimo: im coming oj
(10:58 / Allies) youraidiot: dunno how
(11:04 / Allies) jeronnimo: o i cant >.<
(11:47 / Allies) jeronnimo: green is comiong
(12:32 / Allies) jeronnimo: ok its ok
(14:25 / Allies) jeronnimo: they coming
(14:29 / Allies) jeronnimo: all my base
(16:21 / Allies) jeronnimo: oj wtf
(16:23 / Allies) jeronnimo: help plz
(16:35 / Allies) youraidiot: give me
(16:36 / Allies) youraidiot: second
(18:28 / Allies) youraidiot: lumber please
(20:05 / Allies) mrselfdestruct: cmon
(20:26 / Allies) jeronnimo: cmon oj
(20:28 / Allies) jeronnimo: fking nub
(20:37 / All) Micius: gg
(29:57 / All) Micius: lol
(40:02 / Allies) mrselfdestruct: get the purple one
(41:19 / All) youraidiot: |u guys having fun?
(42:27 / Allies) youraidiot: scout that
(42:44 / Allies) youraidiot: do you ahve anythhing peons left
(43:43 / Allies) mrselfdestruct: let me get it with red
(43:49 / Allies) mrselfdestruct: ive been feeding pink
(43:55 / Allies) youraidiot: k
(44:30 / Allies) youraidiot: they decide game
(44:31 / Allies) youraidiot: those mines
(44:39 / Allies) mrselfdestruct: yeah i see that
(44:51 / Allies) mrselfdestruct: gonan try to get a few more breakers for meat
(44:52 / Allies) mrselfdestruct: then griffs
(45:17 / Allies) youraidiot: we're in great shape though
(45:18 / Allies) mrselfdestruct: can i have some lumber
(45:19 / Allies) youraidiot: got 9 k
(45:20 / Allies) youraidiot: on one of those
(45:21 / Allies) youraidiot: k
(45:27 / Allies) mrselfdestruct: ty
(45:31 / Allies) youraidiot: and mass towers
(45:38 / Allies) youraidiot: get
(45:40 / Allies) youraidiot: upped armor
(45:42 / Allies) youraidiot: on buildings
(45:47 / Allies) youraidiot: could be game winner
(46:19 / Allies) mrselfdestruct: wheres army
(46:22 / Allies) mrselfdestruct: can we take them
(46:27 / Allies) youraidiot: no point
(46:30 / Allies) youraidiot: we have more goldmines
(46:41 / Allies) youraidiot: we can take them
(46:41 / Allies) youraidiot: go
(47:27 / Allies) youraidiot: OUT
(47:27 / Allies) youraidiot: OUT
(47:49 / All) getoverhereu: gg
(48:22 / All) Micius: gg
(48:59 / Allies) youraidiot: gonna have to fight them at toewrs
(49:31 / Allies) mrselfdestruct: gonna be a lot harder if they get those mines
(50:25 / Allies) mrselfdestruct: shit
(50:28 / Allies) mrselfdestruct: where'd you put pinks wissp
(51:08 / Allies) mrselfdestruct: oh i found them
(51:12 / Allies) youraidiot: ')
(51:14 / Allies) youraidiot: i hid them
(53:13 / Allies) youraidiot: expo that
(53:20 / Allies) mrselfdestruct: alrdy otw
(53:25 / Allies) youraidiot: nice man
(55:02 / All) getoverhereu: you need more towers orange
(55:05 / All) getoverhereu: not enough!
(57:57 / All) youraidiot: more towers>
(57:58 / All) youraidiot: ok
(58:38 / Allies) mrselfdestruct: should we risk pinks last wisp
(58:41 / Allies) mrselfdestruct: build there
(59:48 / Allies) youraidiot: go ahead
(59:50 / Allies) youraidiot: expo this one too
(60:02 / Allies) youraidiot: fuck yeah
(60:03 / Allies) youraidiot: LOLOlol
(60:58 / Allies) mrselfdestruct: we been seen
(61:01 / Allies) youraidiot: its fine
(61:03 / Allies) youraidiot: i can rape them all
(61:07 / Allies) youraidiot: they dont have gold
(61:08 / Allies) youraidiot: lol
(61:12 / Allies) mrselfdestruct: heh
(63:25 / Allies) youraidiot: pool me
(63:26 / All) Micius: gg
(63:26 / Allies) youraidiot: a lot
(63:27 / All) getoverhereu: more towers!
(63:35 / Allies) youraidiot: pool me
(63:35 / Allies) youraidiot: aspa
(63:36 / Allies) youraidiot: all
(63:37 / Allies) youraidiot: pool me all
(63:38 / Allies) youraidiot: now
(63:50 / Allies) youraidiot: c
(63:51 / Allies) youraidiot: cancel
(63:52 / Allies) youraidiot: cancel
(63:52 / Allies) youraidiot: cancel
(64:34 / Allies) youraidiot: shit
(64:36 / Allies) youraidiot: lumer is an issue
(64:49 / Allies) mrselfdestruct: yeah i was about to buy a shredder
(66:44 / All) youraidiot: kids are very lucky
(66:54 / All) getoverhereu: we need more towers!
(66:54 / All) Drepplin: your a good player m8
(66:54 / All) getoverhereu: noob
(66:56 / All) getoverhereu: common
(67:05 / All) Drepplin: no green, hes way better than you
(67:17 / All) Micius: pls leave
(67:18 / All) youraidiot: It was 4 of you
(67:19 / All) getoverhereu: rofl
(67:23 / All) youraidiot: with 8 heroes
(67:23 / All) youraidiot: vs me
(67:25 / All) youraidiot: with 3 heroes
(67:26 / All) youraidiot: Think about it
(67:34 / Allies) mrselfdestruct: can you rebuild?
(67:34 / All) getoverhereu: you had a team
(67:37 / Allies) youraidiot: yes
(67:39 / All) getoverhereu: its your fault your team lost
(67:39 / Allies) youraidiot: cancel tech
(67:41 / Allies) youraidiot: on your building
(67:50 / Allies) mrselfdestruct: get some griffons i think
(67:50 / All) getoverhereu: it was 4 v 4 you wanted 4 v 1
(67:52 / Allies) mrselfdestruct: ?
(67:53 / All) getoverhereu: your problem
(67:54 / All) Drepplin: well if you come to think about it, his team sucked
(67:55 / All) getoverhereu: your loss
(67:56 / All) youraidiot: was actuallyl
(67:58 / All) youraidiot: 3v3
(68:02 / All) youraidiot: yellow wasn't doing shit either i had him busy
(68:15 / All) getoverhereu: yeah yellow on my team lol?
(68:26 / All) youraidiot: truth is green
(68:29 / All) youraidiot: i'd rape you really hard 1v1
(68:39 / All) getoverhereu: sure you would
(68:43 / Allies) youraidiot: goldmines are even
(68:45 / Allies) youraidiot: if i can get mass gryphons
(68:46 / Allies) youraidiot: we have a shot
(68:49 / All) getoverhereu: you can't even with this game with your hours of towers
(68:50 / Allies) mrselfdestruct: yeah
(69:04 / All) getoverhereu: im controling two people lol
(69:05 / Allies) mrselfdestruct: gonna have to do it quick though
(69:13 / Allies) youraidiot: yep
(69:16 / Allies) youraidiot: well
(69:18 / Allies) youraidiot: whoever had top goldmine
(69:22 / Allies) youraidiot: hopefully he sucks
(69:38 / Allies) mrselfdestruct: well there's 2 of em
(69:48 / Allies) youraidiot: how much is on that one
(70:07 / Allies) mrselfdestruct: around 5900 last time i checked
(70:33 / Allies) mrselfdestruct: i was wrong
(70:37 / Allies) mrselfdestruct: 7000 now
(70:41 / Allies) youraidiot: thats not good
(70:42 / Allies) youraidiot: hm
(70:51 / Allies) youraidiot: green is making wryvs
(70:52 / Allies) mrselfdestruct: they both have about 7000
(70:53 / Allies) youraidiot: so thats good
(72:05 / Allies) mrselfdestruct: i have 1 peasant
(72:12 / All) getoverhereu: waste even more time pping
(72:53 / All) Micius: OMG
(73:00 / All) Micius: LEAVE
(73:33 / Allies) mrselfdestruct: lol
(73:37 / Allies) mrselfdestruct: if we creep everything
(73:42 / Allies) mrselfdestruct: we might be able to afford a town hall again
(74:00 / All) youraidiot: why would i leave
(76:16 / Allies) youraidiot: sell it
(76:19 / Allies) mrselfdestruct: k
(76:30 / Allies) youraidiot: really
(76:32 / Allies) youraidiot: wish i had fucking boots
(77:33 / Allies) mrselfdestruct: i wish i had a goblin alchemist lol
(77:37 / Allies) youraidiot: yeah
(79:12 / Allies) youraidiot: fuck
(79:28 / Allies) mrselfdestruct: griffons
(79:32 / Allies) mrselfdestruct: send em
(80:22 / Allies) mrselfdestruct: 155g
(80:27 / Allies) youraidiot: for
(80:28 / Allies) youraidiot: o
(80:29 / Allies) youraidiot: hm
(81:18 / Allies) mrselfdestruct: dammit :(
(81:46 / Allies) mrselfdestruct: now i got nothin but a peasant
(83:36 / All) Drepplin: ælet me green
(84:05 / Allies) youraidiot: share red
(85:34 / All) youraidiot: nice maphack man
(85:39 / All) getoverhereu: rofl
(85:45 / All) getoverhereu: now its mh
(86:37 / Allies) mrselfdestruct: my peon died right there
(86:40 / Allies) youraidiot: lol
(86:45 / Allies) mrselfdestruct: if you can res him lol
(86:48 / Allies) mrselfdestruct: otherwise im out
(86:48 / Allies) youraidiot: dont have man atm
(86:55 / Allies) youraidiot: dunno what you're gonna do with 1 peasant though
(87:06 / All) Drepplin: going for it
(87:12 / Allies) mrselfdestruct: probably nothing
(87:19 / Allies) youraidiot: its cool
(87:20 / Allies) youraidiot: i got ya
(87:25 / Allies) youraidiot: where
(87:32 / Allies) mrselfdestruct: rght there
(87:33 / All) Drepplin: hey teal, why you spending gold on buildings ffs
(87:34 / Allies) mrselfdestruct: left
(87:35 / All) Drepplin: you have
(87:41 / Allies) youraidiot: nothing
(87:42 / Allies) mrselfdestruct: on the bottom side of those woods
(87:51 / Allies) mrselfdestruct: ah
(87:52 / Allies) youraidiot: its gone uddy
(87:53 / Allies) youraidiot: :(
(87:55 / Allies) mrselfdestruct: k
(93:09 / All) youraidiot: whats hte matter?
(93:46 / Allies) mrselfdestruct: i figured they could've mounted some sort of attack by now
(93:51 / Allies) youraidiot: they're scared
(93:52 / Allies) youraidiot: so they're gonna
(93:54 / Allies) youraidiot: go all out on me
(93:55 / Allies) mrselfdestruct: they had access to probably 20000 gold
(95:29 / All) youraidiot: whats hte matter kids
(96:22 / All) Micius: gg
(96:47 / All) Micius: lol
(98:18 / Allies) youraidiot: thx
(98:21 / All) youraidiot: ?
(98:23 / Allies) mrselfdestruct: yep
(98:26 / All) Micius: LEAVE
(98:32 / All) youraidiot: y
(98:57 / All) youraidiot: y would i leave
(99:53 / All) youraidiot: why would i leave
(99:59 / All) getoverhereu: why would i?
(100:13 / All) youraidiot: I didn't say
(100:14 / All) youraidiot: You should leave
(100:20 / All) getoverhereu: hell no
(100:22 / Allies) mrselfdestruct: looks like all the money has been mined
(100:23 / All) getoverhereu: i got all day
(101:21 / Allies) youraidiot: lol
(101:27 / Allies) youraidiot: nom ore tank drop
(101:28 / Allies) youraidiot: either
(101:29 / Allies) youraidiot: so this is great
(101:34 / Allies) mrselfdestruct: should kill that zep
(101:35 / Allies) mrselfdestruct: he had
(101:51 / Allies) youraidiot: rofl
(101:52 / Allies) youraidiot: rofl
(102:11 / Allies) youraidiot: this is hilarious
(103:00 / All) youraidiot: only got 6 tanks
(103:01 / All) youraidiot: LOL
(103:16 / Allies) youraidiot: OMG
(103:16 / Allies) youraidiot: OMG
(103:29 / Allies) mrselfdestruct: free money
(103:33 / Allies) youraidiot: THIS IS SO FUN LOL
(103:40 / All) youraidiot: so
(103:41 / All) youraidiot: how u guys doing
(105:36 / Allies) youraidiot: shouldnt banish there
(105:37 / Allies) youraidiot: o well
(105:40 / Allies) mrselfdestruct: oops lol
(105:45 / Allies) youraidiot: nice draining though
(105:46 / Allies) mrselfdestruct: wouldnt have mattered i dont think
(105:48 / Allies) youraidiot: thas way too hard to micro
(105:49 / Allies) youraidiot: well
(105:51 / Allies) youraidiot: 40% chance
(105:52 / Allies) youraidiot: i stun him
(105:53 / Allies) youraidiot: so
(105:54 / Allies) youraidiot: yeah
(105:58 / Allies) mrselfdestruct: oh right
(106:00 / Allies) mrselfdestruct: damn
(106:07 / Allies) mrselfdestruct: he probably went there
(106:14 / Allies) youraidiot: its staff
(106:16 / Allies) youraidiot: he can go anywhere
(109:36 / All) youraidiot: why would i leave
(112:10 / All) youraidiot: why would i leave
(112:16 / All) getoverhereu: why would I?
(112:16 / All) youraidiot: did you really just lose
(112:17 / All) youraidiot: 1v3
(112:26 / All) getoverhereu: your a noob thats why you should leave
(112:57 / All) getoverhereu: its not 1 v 3 nub its 1 v 1
(113:03 / All) youraidiot: yellows not here
(113:04 / All) youraidiot: Or anything
(113:16 / All) getoverhereu: neither is teal
(113:25 / All) youraidiot: cept im fighthing yelliow
(113:26 / All) youraidiot: right now
(113:29 / All) youraidiot: dipshit
(113:36 / All) getoverhereu: your a nub learntoplay.com
(113:42 / All) youraidiot: you're losing 3v1
(113:46 / All) youraidiot: i have 0 bases left
(113:47 / All) youraidiot: U have 4
(113:48 / All) youraidiot: LOL
(113:49 / All) getoverhereu: yeah 3 v 1
(113:53 / All) getoverhereu: you 3 v 1 me
(113:54 / All) getoverhereu: noob
(114:27 / All) youraidiot: noob
(114:30 / All) getoverhereu: you are
(114:30 / All) youraidiot: you lost with 7 level 10 heroes
(114:31 / All) youraidiot: LOL
(114:46 / All) getoverhereu: rofl vs mk a healer and magic guy
(114:56 / All) youraidiot: get a second hero then dumbass
(115:19 / All) getoverhereu: im not wasting my time on your nub ass
(115:22 / All) youraidiot: bye
(115:22 / All) youraidiot: leave
(115:30 / All) getoverhereu: why would I leave
(115:35 / All) youraidiot: you can't win
(115:36 / All) youraidiot: lol
(115:43 / All) getoverhereu: neither can you
(116:40 / Allies) youraidiot: this is good
(116:45 / Allies) youraidiot: i have enough to make town hall if i sell sanctuary staffs
(117:06 / Allies) mrselfdestruct: i dont think there's any money left to mine lol
(117:28 / All) Drepplin: well what a lucky guess...
(117:42 / All) youraidiot: GOT U
(117:42 / All) youraidiot: LOL
(117:43 / All) youraidiot: HAHAH
(117:45 / All) getoverhereu: rofl
(117:51 / All) Drepplin: you hitting the right bm all the time...
(117:53 / All) getoverhereu: such a noob
(117:59 / All) youraidiot: LOL
(117:59 / All) youraidiot: AHAHAHAA
(118:00 / All) youraidiot: OMG
(118:01 / All) youraidiot: LOL
(118:01 / All) youraidiot: AHAHAH
(118:04 / All) Drepplin: and knowing were we expanded all the time
(118:04 / All) getoverhereu: gratz noob hacker
(118:09 / All) youraidiot: tehres no hack
(118:10 / All) youraidiot: to see images
(118:11 / All) youraidiot: noob
(118:14 / All) getoverhereu: your so bad is obvious
(118:16 / All) getoverhereu: noob hack more
(118:23 / All) youraidiot: noob
(118:29 / All) getoverhereu: clearly know which bm is real with your hacks
(118:34 / All) youraidiot: clearly
(118:34 / All) youraidiot: LOL
(118:36 / All) getoverhereu: gratz to your noob hack win
(118:38 / All) youraidiot: LOL OK
(118:43 / Allies) youraidiot: go ahead
(118:44 / Allies) youraidiot: kill shit
(118:44 / Allies) youraidiot: with air
(118:46 / Allies) youraidiot: just dont get it killed
(118:52 / All) getoverhereu: i'll be afk for an hour take your time wasting your life winning this rofl
(118:57 / All) youraidiot: bye
(118:58 / All) youraidiot: noob
(119:05 / All) getoverhereu: i'll be on my other account
(119:07 / All) getoverhereu: cya noob
(121:47 / Allies) youraidiot: sick game man
(121:48 / Allies) youraidiot: gg
(121:51 / Allies) mrselfdestruct: lol gg
(122:08 / Allies) youraidiot: dream game for me
(122:10 / Allies) youraidiot: cause im a griefer
(122:10 / Allies) youraidiot: lol
(122:13 / Allies) mrselfdestruct: lol
(124:15 / Allies) youraidiot: lol
(124:17 / Allies) youraidiot: down to 13 towers
(124:18 / Allies) youraidiot: ahahahaha
(125:33 / All) Micius: i dont leave!
(125:36 / All) youraidiot: ROFL
(125:38 / All) youraidiot: WHY NOT
(125:52 / All) youraidiot: god my heroes
(125:55 / All) youraidiot: have the bare minimum
(125:56 / All) youraidiot: :(
(125:58 / All) Micius: no
(126:01 / All) youraidiot: no what
(126:24 / Allies) mrselfdestruct: i cant find yellows tree of eternity
(126:29 / Allies) mrselfdestruct: it used to be here
(126:37 / Allies) mrselfdestruct: he hid it i think
(126:54 / Allies) youraidiot: yeah
(126:56 / Allies) youraidiot: i dont remember
(126:57 / Allies) youraidiot: killing it
(127:02 / Allies) mrselfdestruct: you didnt
(127:08 / Allies) mrselfdestruct: it was still on the map until i flew over
(127:12 / Allies) mrselfdestruct: i think i killed all other bases
(127:15 / Allies) mrselfdestruct: main halls i mean
(127:21 / Allies) mrselfdestruct: except for the one phoenix is working on
(128:01 / Allies) youraidiot: if they just had
(128:02 / Allies) youraidiot: one fs
(128:04 / Allies) youraidiot: er
(128:05 / Allies) youraidiot: 1 sh
(128:10 / Allies) youraidiot: they couldv'e won easily
(128:10 / Allies) youraidiot: rofl
(128:13 / Allies) youraidiot: or a mk
(128:14 / Allies) youraidiot: or
(128:25 / Allies) youraidiot: kotg
(129:04 / Allies) youraidiot: thank god
(129:07 / Allies) youraidiot: almost done with HU buildings
(129:15 / Allies) mrselfdestruct: lol
(129:45 / Allies) mrselfdestruct: lol
(129:47 / Allies) mrselfdestruct: patrol found it
(129:50 / Allies) youraidiot: ROFL
(129:51 / Allies) youraidiot: WOW
(129:59 / All) youraidiot: nice one
(130:00 / All) youraidiot: fucktards
(130:00 / All) youraidiot: LOL
(130:22 / Allies) youraidiot: lololol
(130:24 / Allies) youraidiot: wow
(130:30 / All) youraidiot: is that you
(130:30 / All) youraidiot: teal
(131:36 / Allies) mrselfdestruct: ok
(131:39 / Allies) mrselfdestruct: i think that's all town halls
(131:49 / Allies) mrselfdestruct: we'll know in 2 min
(131:56 / All) getoverhereu: holy shit your nub ass is still here rofl what a noob
(132:01 / All) getoverhereu: i just finished 3 games
(132:18 / All) getoverhereu: wow your slow as fuck noob
(133:58 / All) youraidiot: hey green
(133:59 / All) youraidiot: whats up
(134:04 / All) youraidiot: whats it like
(134:05 / All) youraidiot: losing
(134:07 / All) youraidiot: to 14 towers
(134:11 / All) youraidiot: and 3heroes
(134:13 / All) youraidiot: And 5 flying units
(134:15 / All) youraidiot: 3v1?
(134:16 / All) youraidiot: 4v1
(134:17 / All) youraidiot: Actually
(134:20 / All) youraidiot: you had control of purple too
(134:25 / All) getoverhereu: yawn
(134:29 / All) youraidiot: oh
(134:31 / All) youraidiot: That's something
(134:34 / All) youraidiot: That happens daily for you?
(134:35 / All) youraidiot: nice
(134:47 / All) getoverhereu: 4 v 1? who i am the one and you are the 4 gratz noob
(135:01 / All) getoverhereu: im clearly unimpressed
(135:08 / All) youraidiot: red and i
(135:09 / All) youraidiot: RAPED U
(135:12 / All) youraidiot: with 1/4th
(135:14 / All) youraidiot: of an armY
(135:17 / All) getoverhereu: whatever nub
(135:17 / All) youraidiot: vs 4 player bases
(135:21 / All) getoverhereu: you can't rape anything
(135:30 / All) youraidiot: keep hiding trees kiddo
(135:31 / All) youraidiot: lol
(135:35 / All) youraidiot: GG LOSeR
(135:37 / All) getoverhereu: my team wasn't even trying
(135:44 / All) youraidiot: i wasnt even trying
(135:44 / All) getoverhereu: teal and yellow were afk 3/4 game
(135:45 / All) youraidiot: hows that
(135:45 / Allies) mrselfdestruct: ready to shut him up lol
(135:50 / Allies) youraidiot: rof yeah
(135:51 / Allies) youraidiot: gggggg
(135:51 / All) getoverhereu: boring
(135:55 / Allies) mrselfdestruct: gg
(135:56 / All) youraidiot: GG LOSERRR
(135:59 / All) getoverhereu: gratz on being a noob
(136:03 / All) youraidiot: grats on losing